 Dungeon Crawl Stone Soup version 0.18-a0-1773-gec4f98e (webtiles) character file.

10945 epen the Carver (level 11, -13/93 HPs)
             Began as a Naga Gladiator on Apr 14, 2016.
             Was a High Priest of Okawaru.
             Engulfed by a tengu reaver's freezing vapour (25 damage)
             ... on level 12 of the Dungeon.
             The game lasted 00:43:43 (15336 turns).

epen the Carver (Naga Gladiator)                   Turns: 15336, Time: 00:43:44

Health: -13/93     AC: 17    Str: 20    XL:     11   Next: 70%
Magic:  17/17      EV: 17    Int:  9    God:    Okawaru [*****.]
Gold:   610        SH:  5    Dex: 14    Spells: 0 memorised, 10 levels left

rFire  + + .     SeeInvis +     k - +1 scimitar (protect)
rCold  . . .     Gourm    +     Q - +0 fire dragon armour
rNeg   . . .     Faith    .     g - +0 buckler
rPois  +         Spirit   .     s - +0 helmet
rElec  .         Dismiss  .     H - +1 cloak
rCorr  .         Reflect  .     (no gloves)
SustAt .         Harm     .     (no barding)
MR     +....                    a - amulet of the gourmand
Stlth  ++........               W - +6 ring of evasion
                                w - ring of protection from cold

@: short of breath, drained, very slow, somewhat resistant to hostile
enchantments, unstealthy
A: camouflage 1, see invisible, agile 1, deformed body, poison resistance,
slowness 2, slow metabolism 1, spit poison 3, wild magic 1, MP-powered wands, AC
+3
a: Breathe Poison Gas, Heroism, Finesse, Renounce Religion


You were on level 12 of the Dungeon.
You worshipped Okawaru.
Okawaru was extremely pleased with you.
You were not hungry.

You visited 1 branch of the dungeon, and saw 12 of its levels.

You collected 702 gold pieces.
You spent 92 gold pieces at shops.

Inventory:

Hand Weapons
 k - a +1 scimitar of protection (weapon)
 Y - a +0 double sword
Missiles
 d - 3 throwing nets (quivered)
 n - 2 javelins of penetration
 F - 3 exploding tomahawks
Armour
 g - a +0 buckler (worn)
 q - a +0 large shield of cold resistance
 s - a +0 helmet (worn)
 H - a +1 cloak (worn)
 Q - a +0 fire dragon armour (worn)
 Z - a +0 plate armour
Jewellery
 a - an amulet of the gourmand (around neck)
 w - a ring of protection from cold (left hand)
 A - an uncursed ring of protection from cold
 B - a +2 ring of strength {unknown}
 C - an uncursed ring of resist corrosion
 W - a +6 ring of evasion (right hand)
Wands
 c - a wand of paralysis (2/24)
 m - a wand of teleportation (0/9)
 y - a wand of lightning (12/15)
 I - a wand of enslavement (9/24)
 S - a wand of teleportation (5/9)
Scrolls
 h - 5 scrolls of blinking
 i - 2 scrolls of fear
 p - 7 scrolls of enchant armour
 r - 3 scrolls of teleportation
 t - 5 scrolls of remove curse
 v - 7 scrolls of fog
 x - a scroll of identify
 J - 2 scrolls of enchant weapon
 L - a scroll of magic mapping {unknown}
 R - a scroll of amnesia
 V - a scroll of recharging
Potions
 e - 2 potions of magic
 o - 4 potions of flight
 u - a potion of invisibility
 z - 3 potions of haste
 D - 3 potions of agility
 K - a potion of heal wounds {unknown}
 P - 3 potions of curing
 T - a potion of berserk rage
 U - 2 potions of ambrosia {unknown}
Books
 b - a book of the Earth

   Spells                             Type                      Level
   a - Leda's Liquefaction            Hexes/Earth                  4
   b - Bolt of Magma                  Conjuration/Fire/Earth       5
   c - Statue Form                    Transmutation/Earth          6
   d - Iron Shot                      Conjuration/Earth            6
   e - Shatter                        Earth                        9
Comestibles
 f - 9 bread rations
 j - 11 royal jellies
 l - 7 meat rations
 E - 2 fruits
 G - 4 beef jerkies


   Skills:
 + Level 4.9(4.3) Fighting
 * Level 9.6(8.9) Long Blades
 - Level 1.7(1.2) Throwing
 + Level 5.5(4.9) Armour
 * Level 8.4(7.7) Dodging
 - Level 5.1(4.5) Stealth
 * Level 4.1(3.5) Shields
 * Level 8.0(7.4) Invocations


You had 10 spell levels left.
You didn't know any spells.

Dungeon Overview and Level Annotations

Branches:
Dungeon (12/15)            Temple (0/1) D:5            Lair (0/8) D:11
    Orc: D:9-12

Altars:
Ashenzari
Cheibriados
Dithmenos
Gozag
Okawaru
Pakellas
Qazlal
Ru
Sif Muna
Zin
The Shining One

Shops:
D:7 :   D:8 *


Innate Abilities, Weirdness & Mutations

You cannot wear boots.
Your serpentine skin is tough (AC +3).
You have supernaturally acute eyesight.
Armour fits poorly on your strangely shaped body.
Your system is resistant to poisons.
You cover ground very slowly.
You have a slow metabolism.
You can exhale a cloud of poison.
Your skin changes colour to match your surroundings (Stealth).
You are agile. (Dex +2)
Your spells are a little harder to cast, but a little more powerful.
You expend magic power (3 MP) to strengthen your wands.


Message History

You hit the tengu reaver but do no damage.
The tengu reaver is lightly wounded.
The tengu reaver is engulfed in poison gas.
The tengu reaver looks even sicker.
The tengu reaver casts a spell at you. The freezing blast engulfs you!
You hit the tengu reaver.
The tengu reaver is lightly wounded.
You are engulfed in freezing vapours.
You hit the tengu reaver.
The tengu reaver is lightly wounded.
You are engulfed in freezing vapours.
The tengu reaver is engulfed in poison gas.
The tengu reaver looks even sicker.
The tengu reaver hits you with a bardiche!!
* * * LOW HITPOINT WARNING * * *
The tengu reaver closely misses you. x2
Drink which item? (? for menu, Esc to quit)
You feel better.
You are engulfed in freezing vapours.
You die...

#)# #.# ##.##
#...# #...#
####...####
#.......§§###
#[..<...§§§§#
#.........#@#
####...####Q#
#...# #§#
#...# #.#
##### #.# #.#
###.# #...#
#.###


You could see a tengu reaver.

Vanquished Creatures
  The ghost of dobroeutro the Blocker, a journeyman GrFi of Okawaru (D:11)
  An unseen horror (D:11)
  A deep elf mage (D:12)
  2 cyclopes
  A centaur zombie (D:12)
  Maurice (D:9)
  The ghost of Duffy the Chopper, a novice FoSk of Cheibriados (D:5)
  3 trolls
  Grinder (D:5)
  3 slime creatures (D:11)
  Sigmund (D:2)
  A wyvern (D:8)
  A hungry ghost (D:11)
  A hippogriff (D:9)
  A mottled dragon (D:10)
  3 wargs
  A water moccasin (D:11)
  A soldier ant (D:10)
  An ice beast (D:10)
  2 orc warriors (D:10)
  4 phantoms
  2 black bears
  2 sky beasts
  A centaur (D:7)
  4 ogres
  2 big kobolds
  4 giant frogs
  A gnoll sergeant (D:9)
  2 scorpions
  10 killer bees
  5 wights
  3 howler monkeys
  7 crimson imps
  A wasp zombie (D:6)
  A gnoll shaman (D:5)
  6 jellies
  2 hounds
  12 orc priests
  2 giant frog skeletons
  8 iguanas
  Jessica (D:2)
  11 orc wizards
  9 worker ants
  A killer bee zombie (D:10)
  3 worker ant zombies (D:9)
  Robin (D:2)
  A howler monkey zombie (D:5)
  12 gnolls
  15 adders
  2 shadow imps
  5 oozes (D:8)
  An adder skeleton (D:7)
  4 worms (D:5)
  2 dart slugs
  6 giant geckos
  55 orcs
  A ball python (D:2)
  5 bats
  4 giant cockroaches
  18 goblins
  10 hobgoblins
  5 jackals
  19 kobolds
  5 quokkas
  A giant newt (D:2)
  A jackal skeleton (D:4)
  5 rats
310 creatures vanquished.

Notes
Turn   | Place    | Note
--------------------------------------------------------------
     0 | D:1      | epen the Naga Gladiator began the quest for the Orb.
     0 | D:1      | Reached XP level 1. HP: 19/19 MP: 1/1
   285 | D:1      | Reached XP level 2. HP: 26/26 MP: 2/2
   736 | D:2      | Reached skill level 1 in Stealth
  1028 | D:2      | Noticed Jessica
  1031 | D:2      | Reached XP level 3. HP: 23/32 MP: 3/3
  1036 | D:2      | Killed Jessica
  1206 | D:2      | Reached XP level 4. HP: 38/39 MP: 4/4
  1620 | D:2      | Noticed Robin
  1633 | D:2      | Killed Robin
  1964 | D:2      | Reached XP level 5. HP: 45/45 MP: 5/5
  1985 | D:2      | Found a glowing golden altar of the Shining One.
  2001 | D:2      | Noticed Sigmund
  2011 | D:2      | Killed Sigmund
  2011 | D:2      | Reached skill level 4 in Long Blades
  2011 | D:2      | Reached skill level 1 in Armour
  2011 | D:2      | Reached XP level 6. HP: 31/52 MP: 6/6
  3663 | D:4      | Reached skill level 5 in Long Blades
  3663 | D:4      | Reached XP level 7. HP: 25/60 MP: 7/7
  3995 | D:4      | Found a shattered altar of Ashenzari.
  3995 | D:4      | Found a shadowy altar of Dithmenos.
  4356 | D:4      | Found an opulent altar of Gozag.
  5016 | D:4      | Found an iron altar of Okawaru.
  5223 | D:4      | Became a worshipper of Warmaster Okawaru
  5254 | D:5      | Entered Level 5 of the Dungeon
  5361 | D:5      | Reached skill level 5 in Stealth
  5741 | D:5      | Found a staircase to the Ecumenical Temple.
  5746 | D:5      | Found a deep blue altar of Sif Muna.
  6014 | D:5      | Found a glowing silver altar of Zin.
  6304 | D:4      | Reached XP level 8. HP: 12/67 MP: 8/8
  6307 | D:4      | Reached * piety under Okawaru
  6643 | D:5      | Found a snail-covered altar of Cheibriados.
  6664 | D:5      | Reached skill level 5 in Dodging
  6664 | D:5      | Reached skill level 1 in Invocations
  7095 | D:5      | Noticed Grinder
  7120 | D:5      | Killed Grinder
  7120 | D:5      | Reached skill level 6 in Long Blades
  7126 | D:5      | Noticed Duffy's ghost (novice FoSk)
  7738 | D:5      | Killed Duffy's ghost
  7738 | D:5      | Reached ** piety under Okawaru
  7872 | D:5      | Found a snail-covered altar of Cheibriados.
  8032 | D:5      | Reached XP level 9. HP: 73/73 MP: 11/11
  8103 | D:6      | Found an oddly glowing altar of Pakellas.
  8499 | D:6      | Reached skill level 7 in Long Blades
  9034 | D:7      | Found Noshium's Book Shoppe.
  9955 | D:7      | Gained mutation: You are agile. (Dex +2) [potion of beneficial mutation]
  9956 | D:7      | Gained mutation: Your spells are a little harder to cast, but a little more powerful. [potion of beneficial mutation]
 10098 | D:8      | Found Obaicky's Assorted Antiques.
 10101 | D:8      | Bought a scroll labeled RUOCOROUCVU for 23 gold pieces
 10101 | D:8      | Bought a scroll labeled ORERCH TAPH for 23 gold pieces
 10101 | D:8      | Bought a scroll labeled ORCHOOW MEMUECH for 23 gold pieces
 10101 | D:8      | Bought a scroll labeled PALOBOEFRE for 23 gold pieces
 10280 | D:8      | Gained mutation: You can exhale a cloud of poison. [mutagenic meat]
 10289 | D:8      | Reached skill level 1 in Shields
 10297 | D:8      | Gained mutation: You are somewhat resistant to further mutation. [mutagenic meat]
 10469 | D:8      | Noticed a troll
 10475 | D:8      | Killed a troll
 10475 | D:8      | Reached *** piety under Okawaru
 10480 | D:8      | Reached skill level 5 in Invocations
 10800 | D:8      | Reached XP level 10. HP: 70/84 MP: 12/14
 10894 | D:8      | Reached skill level 8 in Long Blades
 11093 | D:9      | Noticed Maurice
 11124 | D:9      | Killed Maurice
 11538 | D:9      | Found a stormy altar of Qazlal.
 11655 | D:9      | Reached **** piety under Okawaru
 11683 | D:9      | Noticed a cyclops
 11691 | D:9      | Killed a cyclops
 12028 | D:10     | Entered Level 10 of the Dungeon
 12657 | D:10     | Reached ***** piety under Okawaru
 12657 | D:10     | Reached skill level 5 in Armour
 13198 | D:10     | Lost mutation: You are somewhat resistant to further mutation. [potion of mutation]
 13199 | D:10     | Gained mutation: You expend magic power (3 MP) to strengthen your wands. [potion of mutation]
 13199 | D:10     | Gained mutation: Your skin changes colour to match your surroundings (Stealth). [potion of mutation]
 13257 | D:10     | Reached skill level 9 in Long Blades
 13348 | D:11     | Reached XP level 11. HP: 92/92 MP: 16/16
 13517 | D:11     | Noticed dobroeutro's ghost (journeyman GrFi)
 13577 | D:11     | Killed dobroeutro's ghost
 14096 | D:11     | Found a staircase to the Lair.
 14120 | D:11     | Found a sacrificial altar of Ru.
 14215 | D:11     | Noticed a cyclops
 14229 | D:11     | Killed a cyclops
 14409 | D:11     | Noticed an unseen horror
 14422 | D:11     | Killed an unseen horror
 14422 | D:11     | Received a gift from Okawaru
 15032 | D:12     | Noticed a five-headed hydra
 15033 | D:12     | Noticed a deep elf mage
 15039 | D:12     | Received a gift from Okawaru
 15065 | D:12     | Killed a deep elf mage
 15329 | D:12     | Noticed a tengu reaver
 15335 | D:12     | HP: 1/93 [tengu reaver/bardiche (29)]
 15336 | D:12     | Engulfed by a tengu reaver's freezing vapour

Vault maps used:
D:1:      dpeg_arrival_boxorama
D:2:      nicolae_tso_carved_into_rock, hangedman_decor_clover_reticule,
          uniq_jessica, uniq_robin, uniq_sigmund
D:4:      gammafunk_temple_overflow_elements, kennysheep_mini, st_stairs_13,
          okawaru_altar_gauntlet_db
D:5:      lemuel_doored_altar, kennysheep_little_box, minmay_temple_entry_trees,
          first_bread, basic_altar, cheibrodos_worm_habitat, uniq_grinder
D:6:      basic_altar
D:7:      serial_shops, nicolae_shop_stone
D:8:      serial_shops, nicolae_shop_behind_doors,
          hangedman_little_slice_of_home
D:9:      nicolae_qazlal_eye_of_the_storm, hangedman_decor_growths,
          lightli_minifort, uniq_maurice
D:11:     erik_lair_orcish_takeover, nicolae_ru_path_of_blood
D:12:     thingy_vault, david_orc_3, lab_entry_generic

Skill      XL: |  1  2  3  4  5  6  7  8  9 10 11 |
---------------+----------------------------------+-----
Stealth        | 1 2 4 5 |  5.1
Dodging        | 3 4 5 6 7 8 |  8.4
Long Blades    | 4 5 6 7 9 |  9.6
Armour         | 1 2 3 4 5 |  5.5
Invocations    | 3 5 7 8 |  8.0
Shields        | 1 2 4 |  4.1
Fighting       | 3 4 |  4.9
Throwing       | |  1.7

Action                   |  1- 3 |  4- 6 |  7- 9 | 10-12 || total
-------------------------+-------+-------+-------+-------++-------
Melee: Long sword        |    60 |   168 |   449 |       ||   677
       Scimitar          |       |       |    84 |   535 ||   619
Throw: Throwing net      |       |       |       |     3 ||     3
       Javelin           |       |       |       |     1 ||     1
Invok: Heroism           |       |       |     1 |     2 ||     3
       Finesse           |       |       |       |     1 ||     1
 Abil: Spit Poison       |     2 |    11 |    35 |       ||    48
       Breathe Poison Ga |       |       |     4 |    33 ||    37
Evoke: Wand              |       |       |     2 |     2 ||     4
  Use: Scroll            |       |       |    24 |     4 ||    28
       Potion            |       |       |     2 |     3 ||     5
 Stab: Sleeping          |       |     5 |     4 |       ||     9
  Eat: Chunk             |       |     7 |    36 |    22 ||    65
Armor: Leather armour    |    17 |    41 |    11 |       ||    69
       Chain mail        |       |       |   181 |       ||   181
       Fire dragon armou |       |       |    54 |   247 ||   301
Dodge: Dodged            |    34 |    91 |   188 |   370 ||   683
Block: Buckler           |    11 |    26 |    62 |   124 ||   223
